Cogmind - Beta 13 @@@ ROGUE MODE // 2024.04.02 @ 21:00:42 Player: Simyon Result: Destroyed by S-10 Pest with Light Assault Rifle Performance ------------- Evolutions (2) 1000 Regions Visited (4) 800 Robots Destroyed (43) 215 Value Destroyed (1043) 1043 Prototype IDs (2) 40 Alien Tech Used (0) 0 Bonus (32) 32 TOTAL SCORE: 3130 Bonus ------- High Alert Combat Kills 9 Follower Combat Kills 47 Friendly Fire -24 Cogmind --------- Core Integrity 0/550 Matter 103/300 Energy 98/100 System Corruption 1% Temperature Cool (0) Movement Core (50) Location -8/Materials Parts ------- > --- POWER (1) -------- (None) > --- PROPULSION (4) --- (None) > --- UTILITY (4) ------ Utility Shielding Hacking Suite System Shield > --- WEAPON (2) ------- Hammer > --- INVENTORY (5) ---- Terrain Scanner Armor Integrity Analyzer Heavy Assault Rifle Improved Datajack Peak State ------------ > --- POWER ------------ Improved Ion Engine > --- PROPULSION ------- VTOL Module VTOL Module Improved Flight Unit Improved VTOL Module > --- UTILITY ---------- Propulsion Shielding Utility Shielding Hacking Suite > --- WEAPON ----------- Scythe > --- INVENTORY -------- Sensor Array Terrain Scanner Light Assault Rifle Light Assault Rifle Heavy Assault Rifle [Rating: 21] Favorites ----------- Power Ion Engine Engine Ion Engine Propulsion Light Treads Treads Light Treads Leg Aluminum Leg Hover Unit Hover Unit Flight Unit VTOL Module Utility Large Storage Unit Device Sensor Array Storage Large Storage Unit Hackware Hacking Suite Protection Utility Shielding Weapon Light Assault Rifle Energy Gun Small Laser Ballistic Gun Light Assault Rifle Launcher Grenade Launcher Impact Weapon Hammer Slashing Weapon Scythe Special Melee Weapon Datajack Build | -11 -10 -10 -9 -8 ------- Run | Yrd Mat Min Mat Mat Slots Evolved 4 | . . . 2 2 Power . | . . . . . Propulsion 2 | . . . 1 1 Utility 2 | . . . 1 1 Weapon . | . . . . . Parts Attached 59 | 6 14 . 20 19 Power 5 | 1 1 . 1 2 Engine 5 | 1 1 . 1 2 Core . | . . . . . Reactor . | . . . . . Propulsion 10 | 2 1 . 4 3 Treads 3 | 2 1 . . . Leg 1 | . . . . 1 Wheel . | . . . . . Hover 1 | . . . 1 . Flight 5 | . . . 3 2 Utility 12 | 1 4 . 5 2 Device 2 | . 1 . . 1 Storage 4 | 1 3 . . . Processor . | . . . . . Hackware 2 | . . . 1 1 Protection 4 | . . . 4 . Artifact . | . . . . . Weapon 32 | 2 8 . 10 12 Energy Gun 3 | 1 1 . 1 . Energy Cannon . | . . . . . Ballistic Gun 15 | 1 4 . 7 3 Ballistic Cannon . | . . . . . Launcher 6 | . 3 . . 3 Special Weapon . | . . . . . Impact Weapon 1 | . . . . 1 Slashing Weapon 1 | . . . . 1 Piercing Weapon . | . . . . . Special Melee Weapon 6 | . . . 2 4 Unidentified Prototypes 2 | . . . 1 1 Parts Lost 11 | . 1 . 1 9 Power 2 | . . . . 2 Propulsion 4 | . . . . 4 Utility 2 | . . . . 2 Weapon 3 | . 1 . 1 1 Highest Loss Streak 4 | . 1 . 1 4 To Critical Strikes . | . . . . . Average Slot Usage (%) 91 | . 95 100 73 63 Engine 12 | . 14 14 11 4 Treads 22 | . 28 28 8 . Flight 2 | . . . 14 12 Device 3 | . 7 . . 1 Storage 17 | . 16 28 8 . Hackware 2 | . . . 7 17 Protection 2 | . . . 9 12 Energy Gun 1 | . 2 . 3 . Ballistic Gun 20 | . 22 28 9 1 Launcher 1 | . 3 . . 2 Naked Turns . | . . . . . Heaviest Build 47 | 13 47 47 47 14 Greatest Support 40 | 40 40 40 40 13 Greatest Overweight (x) 4 | . 1 1 1 4 Average Overweight (x) . | . . 1 . . Largest Inventory Capacity 15 | 8 15 15 15 5 Average Capacity 10 | 7 10 15 8 5 Most Carried 13 | 6 13 11 13 5 Average Carried 8 | 3 8 11 6 4 Final Capacity 15 | 8 15 15 5 5 Final Carried 11 | 4 11 11 3 4 Class Distribution -------------------- 82% | Mutant 7% | Hacker-Mutant 6% | Hacker-Sprinter 4% | Sprinter Dominant Class ---------------- Mutant | -10/Materials Mutant | -10/Mines Sprinter | -9/Materials Hacker-Mutant | -8/Materials Resources | -11 -10 -10 -9 -8 ----------- Run | Yrd Mat Min Mat Mat Matter Collected 1023 | 190 372 59 172 230 Remotely . | . . . . . Salvage Created 1193 | . 504 20 183 486 Parts 86 | . 39 2 16 29 Haulers Intercepted 2 | . 2 . . . Recyclers Shooed 2 | . 1 . . 1 Parts Field Recycled . | . . . . . Retrieved Matter . | . . . . . Parts Self-Destructed . | . . . . . Prevented . | . . . . . Kills | -11 -10 -10 -9 -8 ------- Run | Yrd Mat Min Mat Mat Combat Hostiles Destroyed 28 | . 14 1 3 10 Guns 11 | . 5 1 3 2 AOE 17 | . 9 . . 8 Classes Destroyed 11 | . 7 . 1 3 Worker 3 | . 1 . . 2 Builder 3 | . . . . 3 Hauler 2 | . 2 . . . Recycler 2 | . 1 . . 1 Operator 3 | . 2 . 1 . Watcher 2 | . 2 . . . Swarmer 10 | . 9 1 . . Grunt 12 | . 5 . 1 6 Brawler 1 | . . . . 1 Duelist 1 | . . . . 1 Sentry 4 | . . . 2 2 Best Kill Streak 6 | . 6 1 2 6 Combat Bots Only 6 | . 6 1 2 3 Max Kills in Single Turn 3 | . 3 1 1 3 Gunslinging . | . . . . . Exploded 3 | . 3 . . 2 Melee . | . . . . . Uniques/NPCs Destroyed . | . . . . . Combat | -11 -10 -10 -9 -8 -------- Run | Yrd Mat Min Mat Mat Hostile Shots Fired 156 | . 45 17 20 74 Missed 49 | . 10 6 9 24 Damage Taken 1741 | . 367 92 153 1129 Core 697 | . 81 24 38 554 Absorbed by Shields . | . . . . . Redirected to Shielding 27 | . . . . 27 Regen/Repaired (Parts) 12 | . . . . 12 Core Remaining (%) 82 | 100 . 58 90 . Volleys Fired 130 | . 72 8 18 32 Largest 2 | . 2 2 2 1 Hottest 60 | . 60 40 60 33 Shots Fired 193 | . 114 19 28 32 Gun 168 | . 105 19 28 16 Cannon . | . . . . . Launcher 25 | . 9 . . 16 Special . | . . . . . Kinetic 139 | . 87 19 17 16 Thermal 18 | . 18 . . . Explosive 25 | . 9 . . 16 Electromagnetic 11 | . . . 11 . Robot Hit Streak 8 | . 6 2 8 7 Robot Miss Streak 5 | . 5 4 2 5 Penetration Max . | . . . . . Secondary Targets 1 | . . . 1 . Max Gunslinging Chain 1 | . . . 1 . Shots Hit Robots 109 | . 59 7 18 25 Core Hits 76 | . 37 4 9 26 Critical Kills . | . . . . . Critical Parts Destroyed 2 | . . . 1 1 Critical Strikes 2 | . . . 1 1 Destroy 2 | . . . 1 1 Melee Attacks 27 | . . . . 27 Impact 1 | . . . . 1 Slashing 25 | . . . . 25 Piercing . | . . . . . Sneak Attacks . | . . . . . Combat Hostiles . | . . . . . Follow-up Attacks . | . . . . . Damage Inflicted 2618 | . 1198 83 190 1147 Guns 981 | . 485 72 190 234 Cannons . | . . . . . Explosions 1535 | . 692 . . 843 Melee 70 | . . . . 70 Ramming 32 | . 21 11 . . Kinetic 750 | . 354 72 90 234 Thermal 131 | . 131 . . . Explosive 1472 | . 629 . . 843 Electromagnetic 163 | . 63 . 100 . Impact . | . . . . . Slashing 70 | . . . . 70 Piercing . | . . . . . Highest Corruption 4 | . 4 4 1 1 Average Corruption 2 | . 2 4 1 1 Corruption Purged . | . . . . . Corruption Blocked . | . . . . . Effects 53 | . 15 33 3 2 Message Errors 14 | . 7 7 . . Matter Fused 8 | . 2 5 . 1 Heat Flow Errors 6 | . . 4 1 1 Energy Discharges 5 | . 2 3 . . Data Loss (minor) 8 | . 2 5 1 . Data Loss (major) 3 | . 2 1 . . Misfires 5 | . . 5 . . Alerts 1 | . . 1 . . Weapon Failures 3 | . . 2 1 . Overload Shots . | . . . . . Overflow Damage 12 | . . . . 12 Projectiles . | . . . . . Explosions 8 | . . . . 8 Melee 4 | . . . . 4 Knockbacks 1 | . . 1 . . Impact 1 | . . 1 . . Kinetic . | . . . . . Secondary . | . . . . . Self-Inflicted Damage 243 | . 9 . . 234 Shots 8 | . 1 . . 7 Rammed 10 | . 6 4 . . Targets Rammed 10 | . 6 4 . . Kicked . | . . . . . Crushed . | . . . . . Highest Temperature 193 | . 20 193 134 172 Average Temperature 46 | . 8 72 39 69 Received Heat Transfer 504 | . 108 . 63 333 Siege Activations . | . . . . . Robots Corrupted . | . . . . . Combat Hostiles . | . . . . . Parts Fried . | . . . . . Impact Corruptions . | . . . . . Robots Melted . | . . . . . Combat Hostiles . | . . . . . Parts Melted . | . . . . . Heat Transferred 300 | . 300 . . . Parts Sabotaged . | . . . . . Parts Stolen . | . . . . . Parts Stripped . | . . . . . Power Chain Reactions . | . . . . . Alert | -11 -10 -10 -9 -8 ------- Run | Yrd Mat Min Mat Mat Peak Influence 468 | . 264 67 332 468 Initial 46 | . . 11 . 46 Average 71 | . 77 9 64 237 Maximum Alert Level 2 | . 1 . 1 2 Low Security (%) 85 | 100 88 100 84 32 Level 1 13 | . 11 . 15 61 Level 2 . | . . . . 5 Level 3 . | . . . . . Level 4 . | . . . . . Level 5 . | . . . . . High Security . | . . . . . Max Security . | . . . . . Squads Dispatched 10 | . 3 . 5 2 Investigation 3 | . . . 3 . Extermination . | . . . . . Reinforcement 6 | . 3 . 2 1 Assault . | . . . . . Garrison 1 | . . . . 1 Intercept . | . . . . . Searches Triggered . | . . . . . Construction Impeded . | . . . . . Haulers Reinforced . | . . . . . Active Scanning Responses . | . . . . . Cargo Convoy Interrupts . | . . . . . Stealth | -11 -10 -10 -9 -8 --------- Run | Yrd Mat Min Mat Mat Distress Signals 6 | . 1 . 3 2 Communications Jammed . | . . . . . Distress Signals . | . . . . . Times Spotted 82 | . 30 3 16 33 Peak Tracking Total 10 | . 6 3 10 8 Tactical Retreats 8 | . . . 2 6 Traps | -11 -10 -10 -9 -8 ------- Run | Yrd Mat Min Mat Mat Traps Triggered 4 | . 3 . . 1 Indirectly . | . . . . . Trap Hack Attempts . | . . . . . Triggered . | . . . . . Disarmed . | . . . . . Reprogrammed . | . . . . . Reused . | . . . . . Traps Extracted . | . . . . . Installed . | . . . . . Triggered . | . . . . . Machines | -11 -10 -10 -9 -8 ---------- Run | Yrd Mat Min Mat Mat Machines Disabled 8 | . 3 . . 5 Max in Single Turn 3 | . 3 . . 2 Machines Repaired . | . . . . . Machines Dismantled . | . . . . . Machines Sabotaged . | . . . . . Overloaded Fab Kills . | . . . . . Hacking | -11 -10 -10 -9 -8 --------- Run | Yrd Mat Min Mat Mat Machines Accessed 6 | . . . 3 3 Terminals 5 | . . . 3 2 Fabricators . | . . . . . Repair Stations 1 | . . . . 1 Recycling Units . | . . . . . Scanalyzers . | . . . . . Garrison Access . | . . . . . Total Hacks 23 | . . . 13 10 Successful 11 | . . . 4 7 Failed 12 | . . . 9 3 Catastrophic 5 | . . . 3 2 Database Lockouts . | . . . . . Manual 10 | . . . 6 4 Terminals 21 | . . . 13 8 Fabricators . | . . . . . Repair Stations 2 | . . . . 2 Recycling Units . | . . . . . Scanalyzers . | . . . . . Garrison Access . | . . . . . Terminal Hacks 9 | . . . 4 5 Record 1 | . . . . 1 Alert Level 2 | . . . 1 1 Unreport Threat 2 | . . . 1 1 Security Status 1 | . . . . 1 Recall Investigation 1 | . . . 1 . Recall Reinforcements 1 | . . . . 1 Zone Layout 1 | . . . 1 . Fabricator Hacks . | . . . . . Repair Station Hacks 2 | . . . . 2 Scan Component 1 | . . . . 1 Repair 1 | . . . . 1 Recycling Unit Hacks . | . . . . . Scanalyzer . | . . . . . Garrison Access Hacks . | . . . . . Unauthorized Hacks . | . . . . . Terminals . | . . . . . Fabricators . | . . . . . Repair Stations . | . . . . . Recycling Units . | . . . . . Scanalyzers . | . . . . . Garrison Access . | . . . . . Data Cores Recovered . | . . . . . Used . | . . . . . Hacking Detections 4 | . . . 3 1 Full Trace Events 3 | . . . 3 . Feedback Events 1 | . . . 1 . Corruption 1 | . . . 1 . Feedback Blocked . | . . . . . Robot Schematics Acquired . | . . . . . Robots Built . | . . . . . Authchips . | . . . . . Time . | . . . . . Total Robot Build Rating . | . . . . . Part Schematics Acquired . | . . . . . Parts Built . | . . . . . Authchips . | . . . . . Time . | . . . . . Total Part Build Rating . | . . . . . Parts Repaired 1 | . . . . 1 Time 32 | . . . . 32 Parts Recycled . | . . . . . Recycled Matter . | . . . . . Retrieved Matter . | . . . . . Retrieved Components . | . . . . . Parts Scanalyzed . | . . . . . Part Schematics Acquired . | . . . . . Parts Damaged . | . . . . . Bothacking | -11 -10 -10 -9 -8 ------------ Run | Yrd Mat Min Mat Mat Used RIF Installer . | . . . . . Robots Hacked . | . . . . . Non-combat . | . . . . . Combat . | . . . . . Robot Hacks Applied . | . . . . . Relay Couplers Released . | . . . . . Fabnet Peak Effective % . | . . . . . Robots Rewired . | . . . . . Allies Hacked . | . . . . . Hacks Repelled . | . . . . . Allies | -11 -10 -10 -9 -8 -------- Run | Yrd Mat Min Mat Mat Total Allies 2 | . . 2 . . Largest Group 2 | . . 2 2 . Highest-Rated Group 42 | . . 42 42 . Highest-Rated Ally 31 | . . 31 31 . Total Orders . | . . . . . Ally Attacks 44 | . . 11 33 . Total Damage 522 | . . 121 401 . Kills 13 | . . 2 11 . Allies Corrupted . | . . . . . Allies Melted . | . . . . . Intel | -11 -10 -10 -9 -8 ------- Run | Yrd Mat Min Mat Mat Robot Analysis Total . | . . . . . Derelict Logs Recovered 2 | . . 2 . . Drone Launches . | . . . . . Drone Recoveries . | . . . . . Exploration | -11 -10 -10 -9 -8 ------------- Run | Yrd Mat Min Mat Mat Turns Passed 4509 | 83 2064 1438 415 509 Spaces Moved 2715 | 54 991 585 534 551 Core 104 | 17 . . . 87 Treads 1671 | 37 991 585 58 . Legs 28 | . . . . 28 Wheels . | . . . . . Hover . | . . . . . Flight 912 | . . . 476 436 Fastest Speed 30 | 50 160 240 30 30 Average Speed 137 | 125 170 240 54 52 Slowest Speed 250 | 160 240 240 240 250 Overloaded Moves . | . . . . . Propulsion Burnouts . | . . . . . Robots Hopped 4 | . . . . 4 Cave-ins Triggered . | . . . . . Exploration Rate (%) 54 | 4 99 92 34 41 Regions Visited 4 Branch Regions 1 Pre-discovered Areas . | . . . . . Known Exits Taken . | . . . . . Unknown Exits Taken 4 | 1 1 1 1 . Scrap Searched 1 | . . 1 . . Spaces Dug 17 | . . . . 17 Terrain Destroyed 231 | . 73 . . 158 Melee 17 | . . . . 17 Projectile . | . . . . . AOE 214 | . 73 . . 141 Terrain Rammed . | . . . . . Walls Destroyed . | . . . . . Machines Disabled . | . . . . . Actions | -11 -10 -10 -9 -8 --------- Run | Yrd Mat Min Mat Mat Total 3273 | 69 1267 602 639 696 Wait 258 | . 161 6 38 53 Move 2703 | 53 990 584 533 543 Hop 4 | . . . . 4 Pick Up 39 | 10 14 . 8 7 Fast Attach 8 | . 1 . 1 6 Attach 31 | 6 1 . 18 6 Detach 13 | . . . 10 3 Swap 20 | . 12 . 1 7 Drop 30 | . 10 . 12 8 Fire 130 | . 72 8 18 32 Melee 27 | . . . . 27 Ram . | . . . . . Kick . | . . . . . Crush 10 | . 6 4 . . Escape Stasis . | . . . . . Rewire . | . . . . . Trap . | . . . . . Miscellaneous . | . . . . . Route ------- -11/Scrapyard -10/Materials (discovered 4 exits: *Mat x3 / [*Min]) -10/Mines (discovered 2 exits: *Mat x2) -9/Materials (discovered 2 exits: *Mat / Sto) -8/Materials History --------- Turn | Location | Event 6 | -11/Scrapyard | Discovered new exit (range 15) 84 | -11/Scrapyard | Entered Materials 180 | -10/Materials | Discovered new exit (range 12) 317 | -10/Materials | Build established: Mutant 766 | -10/Materials | Discovered new exit (range 16) 1111 | -10/Materials | Discovered new exit (range 16) 1686 | -10/Materials | Discovered new exit (range 9) 2148 | -10/Materials | Entered Mines 2228 | -10/Mines | Discovered new exit (range 11) 2565 | -10/Mines | Learned Materials garrison access intel 3196 | -10/Mines | Discovered new exit (range 13) 3586 | -10/Mines | Entered Materials 3586 | -9/Materials | Accompanied by 2 allies 3586 | -9/Materials | Evolved 2 slots: Propulsion x1, Utility x1 3587 | -9/Materials | Identified exit to Storage 3591 | -9/Materials | Led the pair of lost Derelicts to an unsafe place 3993 | -9/Materials | Discovered new exit (range 4) 4001 | -9/Materials | Entered another Materials area 4001 | -8/Materials | Evolved 2 slots: Propulsion x1, Utility x1 4002 | -8/Materials | Loaded intel: 1 garrison access location 4014 | -8/Materials | Garrison activated, responded to threat 4163 | -8/Materials | Repaired VTOL Module 4253 | -8/Materials | Lost 4 parts (1p2n1u) 4302 | -8/Materials | Core integrity fell below 50% 4458 | -8/Materials | Core integrity fell below 20% 4503 | -8/Materials | Build established: Hacker-Mutant 4510 | -8/Materials | Destroyed by S-10 Pest with Light Assault Rifle Last Messages --------------- Matter Filter disabled. U-05 Engineer builds a Wall. Imp. Ion Engine destroyed. G-47 Trooper destroyed. U-05 Engineer builds a Wall. Acquired Unknown Leg. U-05 Engineer lays Concrete. Acquired 42 matter. U-05 Engineer lays Concrete. The unstable cave ceiling collapses. Identified Aluminum Leg. U-05 Engineer builds a Wall. U-05 Engineer lays Concrete. U-05 Engineer builds a Wall. K-01 Serf collects debris. Rocket Launcher destroyed. ALERT: Suspicious intruders detected, dispatching Specialist reinforcements to area. Aluminum Leg destroyed. Knocked back. Map ----- +----------------------------------------------------+ | ??????????# #???### [ """"""" # ##?# #?????? | | ????????### ##??# """""" + #??? #?????? | | ????????? #??# " """ # #??? ?????? | | ?????????# #??# """ # #??? ????? | | ?????????# T ????# """ # #??? ???? | | ?????????# ????# # #???###+??#??? | | ?????????# ????## ###### #????????????? | | ??????????# #?????# ####??# #????????????? | | ?????????## ########## #??# #????????????? | | ?????????# #??# #????????????? | | ?????????+ #??# #????????????? | | ?????????# #??# #????????????? | | ?????????### ########### #??? ?????????????? | | ???????????# #?????????## ##???????????????????? | | ???????????# #??????????# #????????????????????? | | ???????????# #??????????# #???????#????????????? | | ???????????# ############ #?????? #????????????? | | ???????????# # ## #????? #????????????? | | ??????????## # ## #???? ###??????????? | | ???????####" # ## #### ???????????? | | ?####### # # ????????????? | | # # T #???????????? | | H s ?????????????? | | # ##?????????????????? | | ####### " ! #?????????????????? | | ???????## ########## # @ #?????????????????? | | ????????# ?????????## #?????????????????? | | ????????# ??????????# #?????????????????? | | ????????+ ??????????# #?????????????????? | | ????????# ??????????### #?????????????????? | | ????????# ????????????###/####?????????????????? | | ????????# ??????????????? #????????????????????? | | ????????# ??????????????? #????????????????????? | | ????????# ???????????????? #????????????????????? | | ????????# ?????????????????#????????????????????? | | ????????+ ??????????????????????????????????????? | | ?????????? ??????????????????????????????????????? | | ?????????????????????????????????????????????????? | | ?????????????????????????????????????????????????? | | ?????????????????????????????????????????????????? | | ?????????????????????????????????????????????????? | | ?????????????????????????????????????????????????? | | ?????????????????????????????????????????????????? | | ?????????????????????????????????????????????????? | | ?????????????????????????????????????????????????? | | ?????????????????????????????????????????????????? | | ?????????????????????????????????????????????????? | | ?????????????????????????????????????????????????? | | ?????????????????????????????????????????????????? | | ?????????????????????????????????????????????????? | +----------------------------------------------------+ Best States ------------- Heat Dissipation 31 Energy Generation 12 Energy Capacity 265 Matter Stores 300 Matter Capacity 300 Sight Range 16 Robot Scan Range 14 Terrain Scan Density 10 Propulsion Shielding 33 Utility Shielding 33 Evasion (%) 64 Recoil Reduction 2 Offensive Hacking 10 Defensive Hacking 10 Item Schematics ----------------- None Robot Schematics ------------------ None Fabricated ------------ Nothing Alien Tech Used ----------------- None Achievements -------------- Everything Is Under Control Let's See Who's Tougher One Hack Too Far Part-time Excavator root@ Challenges ------------ None Game ------ Seed DerelictPortableDoomcannon Manual? 0 Play Time 00:53:39 Cumulative 3.9 hours Start 2024.04.02 @ 20:09:05 End 2024.04.02 @ 21:00:42 Sessions 1 Manual Loads 0 Difficulty Rogue Special Mode None Game No. 10 Rogue 10 Adventurer 0 Explorer 0 Win Type - Total 0 Types 0/0/0/0/0/0/0/0/0 Lore% 1 Gallery% 7 Achievement% 9 Wizard Run 0 Options --------- Layout 1 ASCII 0 Keyboard 0 Movement Mouse Keybinds 0 Fullscreen 1 Font 24/Smallcaps Map View 50x35 Zoom Use 0% Tactical HUD 0 Map Filters NONE Filters NONE Steam 1 RUN: 10633315-b7f5-4f28-b3e9-a26e7c6b8efb